 Dungeon Crawl Stone Soup version 0.31-a0-984-gbfb7dba898 (webtiles) character file.

Game seed: 15995457796182418254

12504 Felidowicz the Thaumaturge (level 11, -12/61 HPs)
             Began as a Gargoyle Earth Elementalist on Nov 3, 2023.
             Was a Believer of Vehumet.
             Mangled by a komodo dragon (18 damage)
             ... on level 1 of the Lair of Beasts.
             The game lasted 00:32:52 (14017 turns).

Felidowicz the Thaumaturge (GrEE)                  Turns: 14017, Time: 00:32:53

Health: -12/61     AC: 15    Str: 12    XL:     11   Next: 94%
Magic:  4/36       EV:  9    Int: 20    God:    Vehumet [**....]
Gold:   865        SH:  8    Dex: 10    Spells: 30/34 levels left

rFire   + . .        d - +1 dagger (venom)
rCold   . . .        e - +0 kite shield
rNeg    + . .        x - +2 leather armour {Will+}
rPois   ∞            u - +1 helmet
rElec   +            (no cloak)
rCorr   .            (no gloves)
SInv    .            (no boots)
Will    +....        (no amulet)
Stlth   ++           r - ring of magical power
HPRegen 0.30/turn    s - ring of protection from fire
MPRegen 0.25/turn

%: no passive effects
@: no status effects
A: sickness immunity, AC +8, negative energy resistance 1, electricity
resistance, torment resistance 1, petrification resistance
a: Renounce Religion


You were on level 1 of the Lair of Beasts.
You worshipped Vehumet.
Vehumet was pleased with you.
You visited 2 branches of the dungeon, and saw 11 of its levels.

You collected 865 gold pieces.

Inventory:

Hand Weapons
 d - a +1 dagger of venom (weapon)
Armour
 e - a +0 kite shield (worn)
 n - +0 acid dragon scales
 u - a +1 helmet (worn)
 x - a +2 leather armour of willpower (worn)
 G - a +2 robe of resistance
 M - the +9 plate armour "Wefomil" {rF++}
   (You found it on level 10 of the Dungeon)

   rF++:      It greatly protects you from fire.
Jewellery
 r - a ring of magical power (left hand)
 s - a ring of protection from fire (right hand)
 L - a ring of ice
Wands
 w - a wand of iceblast (18)
 C - a wand of flame (26)
 D - a wand of mindburst (17)
 H - a wand of digging (5)
Scrolls
 c - 3 scrolls of blinking
 f - a scroll of revelation {unknown}
 g - a scroll of brand weapon {unknown}
 h - 4 scrolls of enchant armour
 j - 6 scrolls of teleportation
 k - a scroll of summoning {unknown}
 p - a scroll of fog {unknown}
 y - 6 scrolls of amnesia
 B - 2 scrolls of vulnerability
 E - 2 scrolls of immolation {unknown}
 F - a scroll of enchant weapon {unknown}
 K - 2 scrolls of identify
 O - a scroll of acquirement {unknown}
 P - a scroll of torment {unknown}
Potions
 a - a potion of attraction {unknown}
 b - 2 potions of magic
 i - 4 potions of enlightenment
 l - 4 potions of curing {unknown}
 m - a potion of berserk rage {unknown}
 o - 3 potions of lignification
 q - 2 potions of might {unknown}
 t - 2 potions of heal wounds {unknown}
 v - a potion of brilliance {unknown}
 z - 4 potions of mutation
 A - a potion of ambrosia {unknown}
 I - 2 potions of degeneration {unknown}
 J - a potion of haste {unknown}
 N - 2 potions of resistance {unknown}


   Skills:
 - Level 4.0 Fighting
 - Level 4.0 Armour
 - Level 1.5 Dodging
 - Level 2.1 Stealth
 - Level 4.0 Shields
 - Level 12.0 Spellcasting
 + Level 11.4 Conjurations
 - Level 0.7 Transmutations
 - Level 8.0 Earth Magic


You had 30 spell levels left.
You knew the following spells:

 Your Spells              Type           Power      Damage    Failure   Level
a - Sandblast             Erth           88%        2d18      1%          1
b - Stone Arrow           Conj/Erth      100%       3d13      1%          3

Your spell library contained the following spells:

 Spells                   Type           Power      Damage    Failure   Level
 Static Discharge         Conj/Air       68%        3-6/arc   3%          2
 Brom's Barrelling Bould  Conj/Erth      50%        2d7       4%          4
 Passwall                 Tmut/Erth      24%        N/A       7%          2
 Apportation              Tloc           24%        N/A       26%         1
 Necrotise                Necr           48%        1d6       26%         1
 Summon Small Mammal      Summ           48%        N/A       26%         1
 Ensorcelled Hibernation  Hex/Ice        24%        N/A       36%         2
 Petrify                  Tmut/Erth      29%        N/A       41%         4
 Gell's Gravitas          Tloc           12%        N/A       61%         3
 Summon Guardian Golem    Hex/Summ       12%        N/A       61%         3
 Swiftness                Air            12%        N/A       61%         3
 Teleport Other           Tloc           12%        N/A       61%         3
 Orb of Destruction       Conj           27%        9d9       90%         7
 Manifold Assault         Tloc           12%        N/A       95%         4
 Dispersal                Tloc           6%         N/A       100%        6
 Spellforged Servitor     Conj/Summ      17%        N/A       100%        7
 Disjunction              Tloc           6%         N/A       100%        8


Dungeon Overview and Level Annotations

Branches:
Dungeon (10/15)            Temple (0/1) D:5            Lair (1/5) D:8
    Orc: D:9-12

Altars:
Cheibriados
Dithmenos
Kikubaaqudgha
Makhleb
Nemelex Xobeh
Qazlal
Uskayaw
Vehumet
Wu Jian
Zin
The Shining One

Shops:
D:5 :   D:6 ?

Annotations:
D:8 Jeremiah


Innate Abilities, Weirdness & Mutations

You are immune to sickness and miasma.
Your stone body is resilient. (AC +8)
You are immune to poison.
You resist negative energy. (rN+)
You are resistant to electric shocks. (rElec)
You are resistant to unholy torment.
You are immune to petrification.


Message History

The komodo dragon bites you!
The stone arrow misses the komodo dragon.
The komodo dragon bites you but does no damage.
The komodo dragon bites you!
You are too injured to fight recklessly!
You are too injured to fight recklessly!
You are too injured to fight recklessly!
You are too injured to fight recklessly!
Aiming: Stone Arrow (safe; 1% risk of failure)
Press: ? - help, Q - select action, (/) - cycle Shift-Dir - straight line, f/p - komodo dragon
Aim: a komodo dragon (severely wounded, 84% to hit)
The stone arrow misses the komodo dragon.
The komodo dragon bites you but does no damage.
You block the komodo dragon's attack.
Unknown command.
Aiming: Stone Arrow (safe; 1% risk of failure)
Press: ? - help, Q - select action, (/) - cycle Shift-Dir - straight line, f/p - komodo dragon
Aim: a komodo dragon (severely wounded, 84% to hit)
The stone arrow hits the komodo dragon!
The komodo dragon is almost dead.
The komodo dragon barely misses you. x2
Aiming: Stone Arrow (safe; 1% risk of failure)
Press: ? - help, Q - select action, (/) - cycle Shift-Dir - straight line, f/p - komodo dragon
Aim: a komodo dragon (almost dead, 84% to hit)
The stone arrow misses the komodo dragon.
The komodo dragon bites you but does no damage. x2
Aiming: Stone Arrow (safe; 1% risk of failure)
Press: ? - help, Q - select action, (/) - cycle Shift-Dir - straight line, f/p - komodo dragon
Aim: a komodo dragon (almost dead, 84% to hit)
The stone arrow hits the komodo dragon!
You kill the komodo dragon!
Vehumet accepts your kill.
You feel your power returning. The komodo dragon closely misses you.
The komodo dragon attacks as it pursues you!
The komodo dragon bites you!!
* * * LOW HITPOINT WARNING * * *
The komodo dragon attacks as it pursues you!
The komodo dragon bites you!!
You die...

.. ..... #..
#... #... ...
.....###.####.#
#.....††......#
......†..#
########.# #l#
##@## #...#
#P.## ##.# #.#
## #.# #.# #.
#.# ##.#####.
#.## ..#.. ..
#.P# #.#.# #.


You could see a komodo dragon.

Vanquished Creatures
  Josephine (D:10)
  Erolcha (D:10)
  4 two-headed ogres
  Pikel (D:6)
  2 komodo dragons (Lair:1)
  A troll (D:10)
  Prince Ribbit (D:8)
  2 hornets (D:9)
  Grinder (D:4)
  6 wraiths
  Eustachio (D:5)
  A wyvern (D:8)
  9 yaks
  Grum (D:8)
  Edmund (D:6)
  3 water moccasins (Lair:1)
  An acid dragon (D:8)
  2 black bears
  3 ice beasts
  2 ogres (D:5)
  4 centaurs
  2 wolves
  3 lemures (D:6)
  2 kobold brigands
  Blork the orc (D:4)
  6 bullfrogs
  A gnoll sergeant (D:10)
  4 scorpions
  5 wights (D:7)
  16 killer bees
  3 howler monkeys (D:9)
  5 hounds
  A jelly (D:5)
  An orc priest (D:7)
  A gnoll bouda (D:9)
  Ijyb (D:4)
  4 orc wizards
  4 iguanas
  Robin (D:3)
  6 gnolls
  6 adders
  A shadow imp (D:5)
  A white imp (D:7)
  4 worms
  A dart slug (D:4)
  16 orcs
  10 ball pythons
  4 bats
  7 endoplasms
  3 giant cockroaches
  14 goblins
  9 hobgoblins
  2 jackals (D:2)
  22 kobolds
  2 quokkas
  4 frilled lizards
  6 rats
227 creatures vanquished.

Notes
Turn   | Place    | Note
-------+----------+-------------------------------------------
     0 | D:1      | Felidowicz the Gargoyle Earth Elementalist began the quest
                  | for the Orb.
     0 | D:1      | Reached XP level 1. HP: 10/10 MP: 3/3
    86 | D:1      | Reached XP level 2. HP: 15/15 MP: 0/5
   627 | D:1      | Reached XP level 3. HP: 19/19 MP: 4/6
  1012 | D:1      | Learned a level 3 spell: Stone Arrow
  2036 | D:3      | Reached skill level 1 in Conjurations
  2127 | D:3      | Reached skill level 3 in Spellcasting
  2127 | D:3      | Reached XP level 4. HP: 24/24 MP: 8/8
  2618 | D:3      | Noticed Robin
  2722 | D:3      | Reached skill level 5 in Earth Magic
  2766 | D:3      | Reached XP level 5. HP: 28/28 MP: 7/10
  3022 | D:3      | Killed Robin
  3870 | D:4      | Noticed Blork the orc
  3878 | D:4      | Killed Blork the orc
  3879 | D:4      | Reached XP level 6. HP: 11/32 MP: 11/11
  4076 | D:4      | Reached skill level 4 in Spellcasting
  4179 | D:4      | Noticed Ijyb
  4180 | D:4      | Noticed Grinder
  4577 | D:4      | Reached XP level 7. HP: 29/36 MP: 13/13
  4668 | D:4      | Found a glowing golden altar of the Shining One.
  4668 | D:4      | Found a snail-covered altar of Cheibriados.
  4669 | D:4      | Found an ancient bone altar of Kikubaaqudgha.
  4737 | D:4      | Killed Ijyb
  5146 | D:4      | Found a glowing golden altar of the Shining One.
  5146 | D:4      | Found a snail-covered altar of Cheibriados.
  5147 | D:4      | Found an ancient bone altar of Kikubaaqudgha.
  5244 | D:4      | Killed Grinder
  5677 | D:5      | Entered Level 5 of the Dungeon
  5706 | D:5      | Found a shadowy altar of Dithmenos.
  5715 | D:5      | Found a burning altar of Makhleb.
  5778 | D:5      | Reached skill level 5 in Spellcasting
  5842 | D:5      | Found Enoy's Book Emporium.
  5854 | D:5      | Reached skill level 5 in Conjurations
  5854 | D:5      | Reached XP level 8. HP: 41/41 MP: 14/15
  6044 | D:5      | Found a stormy altar of Qazlal.
  6064 | D:5      | Noticed Eustachio
  6075 | D:5      | Killed Eustachio
  6202 | D:5      | Found a radiant altar of Vehumet.
  6204 | D:5      | Found a hide-covered altar of Uskayaw.
  6221 | D:5      | Found a staircase to the Ecumenical Temple.
  6236 | D:5      | Became a worshipper of Vehumet
  6317 | D:5      | Reached skill level 6 in Spellcasting
  6450 | D:5      | Found an ornate altar of the Wu Jian Council.
  6775 | D:6      | Noticed Pikel
  6909 | D:6      | Reached skill level 7 in Spellcasting
  7020 | D:6      | Found Tuqaexot's Magic Scroll Shoppe.
  7131 | D:6      | Noticed Edmund
  7133 | D:6      | Killed Pikel
  7134 | D:6      | Reached skill level 8 in Spellcasting
  7134 | D:6      | Reached XP level 9. HP: 45/45 MP: 18/21
  7139 | D:6      | Killed Edmund
  7714 | D:7      | Reached skill level 9 in Spellcasting
  8018 | D:7      | Reached * piety under Vehumet
  8018 | D:7      | Offered knowledge of Freeze by Vehumet.
  8472 | D:7      | Reached skill level 10 in Spellcasting
  9100 | D:8      | Reached XP level 10. HP: 50/50 MP: 18/24
  9243 | D:8      | Found a staircase to the Lair.
  9256 | D:8      | Noticed Grum
  9262 | D:8      | Reached skill level 11 in Spellcasting
  9427 | D:8      | Killed Grum
  9551 | D:8      | Noticed a two-headed ogre
  9555 | D:8      | Noticed Jeremiah
  9559 | D:8      | Killed a two-headed ogre
  9874 | D:8      | Noticed Prince Ribbit
  9881 | D:8      | Killed Prince Ribbit
  9882 | D:8      | Reached skill level 1 in Shields
 10001 | D:8      | Found a glowing silver altar of Zin.
 10521 | D:8      | Found a sparkling altar of Nemelex Xobeh.
 11091 | D:9      | Reached skill level 1 in Fighting
 11092 | D:9      | Reached skill level 1 in Armour
 11198 | D:9      | Reached ** piety under Vehumet
 11199 | D:9      | Reached skill level 12 in Spellcasting
 11451 | D:9      | Offered knowledge of Foxfire by Vehumet.
 11934 | D:9      | Reached XP level 11. HP: 59/59 MP: 27/27
 12288 | D:10     | Entered Level 10 of the Dungeon
 12335 | D:10     | Identified the +9 plate armour "Wefomil" {rF++}
 12347 | D:10     | Noticed Josephine
 12351 | D:10     | Killed Josephine
 12720 | D:10     | Noticed Erolcha
 12728 | D:10     | Killed Erolcha
 12731 | D:10     | Noticed a two-headed ogre
 12738 | D:10     | Killed a two-headed ogre
 13133 | D:10     | Noticed a two-headed ogre
 13138 | D:10     | Killed a two-headed ogre
 13139 | D:10     | Reached skill level 10 in Conjurations
 13220 | D:10     | Identified the blade talisman "Fozepam" {rElec Dex+3
                  | Stlth-}
 13271 | D:10     | Noticed a two-headed ogre
 13280 | D:10     | Killed a two-headed ogre
 13758 | Lair:1   | Entered Level 1 of the Lair of Beasts
 13764 | Lair:1   | Offered knowledge of Static Discharge by Vehumet.
 14017 | Lair:1   | Mangled by a komodo dragon

Illustrated notes

Levels and vault maps discovered:
D:1:      zaba_arrival_water, layout_basic, chequers_jeans,
          palyth_stone_intersect, moated_statue
D:2:      layout_loops_ring
D:3:      layout_loops_corners, serial_rivers, chequers_serial_rivers_micro_b,
          chequers_serial_rivers_large_a, chequers_serial_rivers_marsh,
          chequers_serial_rivers_marsh, chequers_serial_rivers_micro_b,
          chequers_serial_rivers_micro_c, uniq_robin
D:4:      layout_basic, gammafunk_temple_overflow_forgotten, uniq_ijyb,
          uniq_grinder, uniq_blork_the_orc
D:5:      layout_cave_pools, nicolae_wu_jian_wuxing_cycle,
          makhleb_heckhound_becter, nicolae_qazlal_general_emergency,
          mainiacjoe_overflow_cross_hatched, jmf_multi_god_temple,
          minmay_temple_entry_junction, serial_shops, shop, uniq_eustachio
D:6:      layout_basic, serial_shops, nicolae_shop_window_shopping, uniq_edmund,
          uniq_pikel
D:7:      layout_basic
D:8:      layout_basic, mainiacjoe_overflow_catwalk, zin_statuary,
          lair_entry_dummy, chequers_mini_garden, uniq_grum, uniq_jeremiah,
          uniq_prince_ribbit1
D:9:      nicolae_BIG_FREAKIN_CUBE, layout_loops_corners
D:10:     layout_irregular_city, serial_bayou_pond_e, uniq_erolcha,
          uniq_josephine
Lair:1:   layout_loops_ring, chequers_serial_rivers_room_a

Skill      XL: |  1  2  3  4  5  6  7  8  9 10 11 |
---------------+----------------------------------+-----
Earth Magic    | 4 5 6 7 8 |  8.0
Conjurations   | 1 2 3 5 6 11 | 11.4
Spellcasting   | 3 4 5 8 10 12 | 12.0
Shields        | 4 |  4.0
Fighting       | 2 4 |  4.0
Armour         | 2 4 |  4.0
Dodging        | |  1.5
Stealth        | |  2.1
Transmutations | |  0.7

Action                     |  1- 3 |  4- 6 |  7- 9 | 10-12 || total
---------------------------+-------+-------+-------+-------++-------
  Melee: Dagger            |     8 |     6 |       |    19 ||    33
   Cast: Sandblast         |    66 |    92 |    23 |       ||   181
         Stone Arrow       |       |       |   103 |   199 ||   302
    Use: Scroll            |       |       |     7 |     2 ||     9
 Armour: Robe              |     1 |       |       |       ||     1
         Acid dragon scale |    17 |    24 |       |       ||    41
         Ring mail         |     5 |       |       |       ||     5
         Leather armour    |       |    49 |    33 |   127 ||   209
  Dodge: Dodged            |    22 |    49 |    19 |    70 ||   160
  Block: Kite shield       |       |       |       |    39 ||    39

Table legend: (Time is in decaauts)
 A = Elapsed time spent in this place.
 B = Non-inter-level travel time spent in this place.
 C = Inter-level travel time spent in this place.
 D = Time resting spent in this place.
 E = Time spent auto-exploring this place.
 F = Levels seen in this place.
 G = Mean time per level.
                   A        B        C        D        E       F      G
               +--------+--------+--------+--------+--------+-----+--------+
         Total |  14161 |  13505 |    656 |   1112 |  10690 |  11 | 1287.4 |
       Dungeon |  13902 |  13246 |    656 |   1112 |  10473 |  10 | 1390.2 |
          Lair |    258 |    258 |      0 |      0 |    217 |   1 |  258.0 |
               +--------+--------+--------+--------+--------+-----+--------+

Top non-repeatable levels by time:
     D:4: 2061 daAuts
     D:7: 1753 daAuts
     D:8: 1624 daAuts
     D:9: 1596 daAuts
     D:3: 1576 daAuts
    D:10: 1159 daAuts
     D:1: 1101 daAuts
     D:2: 1052 daAuts
     D:5: 1048 daAuts
     D:6: 928 daAuts
  Lair:1: 258 daAuts
